 Dungeon Crawl Stone Soup version 0.19.0-2-gae57169 (webtiles) character file.

90 Patchouli the Gusty (level 4, 0/24 HPs)
             Began as a Tengu Air Elementalist on Nov 3, 2016.
             Slain by a kobold (2 damage)
             ... on level 2 of the Dungeon.
             The game lasted 00:05:57 (691 turns).

Patchouli the Gusty (Tengu Air Elementalist)         Turns: 691, Time: 00:05:57

Health: 0/24       AC:  2    Str: 13    XL:     4   Next: 56%
Magic:  0/10       EV: 13    Int: 16    God:
Gold:   45         SH:  0    Dex: 15    Spells: 4 memorised, 1 level left

rFire  . . .     SeeInvis .     n - +0 trident (freeze)
rCold  . . .     Gourm    .     a - +0 robe
rNeg   . . .     Faith    .     (no shield)
rPois  .         Spirit   .     (helmet restricted)
rElec  .         Reflect  .     (no cloak)
rCorr  .         Harm     .     (no gloves)
MR     .....                    (boots unavailable)
Stlth  ++........               (no amulet)
                                (no ring)
                                (no ring)

@: mighty, lethally poisoned (0 -> -3), very slightly contaminated
A: beak, horns 1, talons 3
a: no special abilities


You were on level 2 of the Dungeon.
You were not hungry.

You visited 1 branch of the dungeon, and saw 2 of its levels.

You collected 45 gold pieces.

Inventory:

Hand Weapons
 i - a +0 spear
 n - a +0 trident of freezing (weapon)
Armour
 a - a +0 robe (worn)
 e - a +0 leather armour
Scrolls
 j - a scroll of teleportation {unknown}
 k - a scroll of immolation {unknown}
 l - 2 scrolls of identify {unknown}
 m - a scroll of random uselessness {unknown}
 o - 2 scrolls of remove curse {unknown}
Potions
 h - a potion of curing {unknown}
Books
 b - a book of Air

   Spells                             Type                      Level
   a - Shock                          Conjuration/Air              1
   b - Swiftness                      Charms/Air                   2
   c - Repel Missiles                 Charms/Air                   2
   d - Static Discharge               Conjuration/Air              3
   e - Lightning Bolt                 Conjuration/Air              5
Comestibles
 c - 2 bread rations
 d - a meat ration
 p - 2 beef jerkies


   Skills:
 - Level 2.1 Dodging
 - Level 2.0 Stealth
 * Level 3.3 Spellcasting
 + Level 2.8 Conjurations
 + Level 0.1 Charms
 + Level 4.9 Air Magic


You had one spell level left.
You knew the following spells:

 Your Spells              Type           Power        Failure   Level  Hunger
a - Shock                 Conj/Air       ###.         4%          1    None
b - Static Discharge      Conj/Air       ###.....     12%         3    ###....
q - Repel Missiles        Chrm/Air       ##....       12%         2    ##.....
w - Swiftness             Chrm/Air       ##......     12%         2    ##.....


Dungeon Overview and Level Annotations

Branches:
Dungeon (2/15)

Altars:


Innate Abilities, Weirdness & Mutations

You have a beak for a mouth.
You have claws for feet.
You have a pair of small horns on your head.


Message History

The zap hits the adder.
You kill the adder!
Casting: Shock
Confirm with . or Enter, or press ? or * to list all spells.
Aiming: Shock
Press: ? - help, Shift-Dir - straight line, f - kobold
Aim: a kobold (severely wounded)
The zap misses the kobold.
The kobold hits you.
* * * LOW HITPOINT WARNING * * *
Casting: Shock
Confirm with . or Enter, or press ? or * to list all spells.
You don't have enough magic to cast that spell.
It was a potion of beneficial mutation.
A pair of horns grows on your head!
You feel fantastic! The kobold misses you.
It was a potion of might.
You feel very mighty all of a sudden.
* * * LOW HITPOINT WARNING * * *
You feel sick. The kobold hits you.
You die...

######## #........#######
##......###.....#####....#
##.....†..##....).# #....#
#..........#..<...# ##.....
#..........######[###.....#
#..........# #.÷..........#
#..........###.##.####....#
#.......(....†.##..# ######
##........@.######.#
##.......K### #.#
#..........# #.#
#..........# #.#
#..........# #.##
#..........# #.)# ##
#.....>†...# ##.# #.
##........## ### #.
##......... #.


You could see a kobold.

Vanquished Creatures
  Ijyb (D:2)
  Terence (D:2)
  An adder (D:2)
  An ooze (D:1)
  A dart slug (D:1)
  A leopard gecko (D:2)
  A bat (D:2)
  2 giant cockroaches (D:2)
  4 goblins
  A hobgoblin (D:2)
  2 jackals (D:2)
  2 frilled lizards (D:2)
  2 kobolds
  4 rats
24 creatures vanquished.

Notes
Turn   | Place    | Note
-------+----------+-------------------------------------------
     0 | D:1      | Patchouli the Tengu Air Elementalist began the quest for the Orb.
     0 | D:1      | Reached XP level 1. HP: 10/10 MP: 4/4
   204 | D:2      | Reached XP level 2. HP: 15/15 MP: 3/6
   261 | D:2      | Learned a level 2 spell: Repel Missiles
   264 | D:2      | Learned a level 2 spell: Swiftness
   416 | D:2      | Reached XP level 3. HP: 19/19 MP: 2/8
   468 | D:2      | Noticed Ijyb
   469 | D:2      | Noticed Terence
   493 | D:2      | Killed Ijyb
   613 | D:2      | Killed Terence
   613 | D:2      | Reached XP level 4. HP: 23/24 MP: 4/9
   643 | D:2      | Learned a level 3 spell: Static Discharge
   690 | D:2      | Gained mutation: You have a pair of small horns on your head. [potion of beneficial mutation]
   691 | D:2      | Slain by a kobold

Skill      XL: |  1  2  3 |
---------------+----------+-----
Conjurations   | 2 |  2.8
Spellcasting   | 3 |  3.3
Dodging        | |  2.1
Stealth        | |  2.0
Charms         | |  0.1
Air Magic      | |  4.9

Action                   |  1- 3 |  4- 6 || total
-------------------------+-------+-------++-------
Melee: Trident           |       |     3 ||     3
 Cast: Shock             |    39 |    11 ||    50
  Use: Potion            |       |     2 ||     2
Armor: Robe              |       |     2 ||     2
Dodge: Dodged            |    14 |     4 ||    18
